 Seeded DCSS version 0.29-a0-321-gf1c400731a (webtiles) character file.

Game seed: 14607736244556014094 (custom seed)

112 rabbitsville the Chopper (level 4, 0/42 HPs)
             Began as a Hill Orc Monk on Apr 4, 2022.
             Slain by a bullfrog (6 damage)
             ... in a sewer.
             The game lasted 00:10:14 (2337 turns).

rabbitsville the Chopper (Hill Orc Monk)            Turns: 2337, Time: 00:10:15

Health: 0/42       AC:  2    Str: 15    XL:     4   Next: 93%
Magic:  4/4        EV: 12    Int: 10    God:
Gold:   65         SH:  0    Dex: 13    Spells: 3/3 levels left

rFire   + . .      SeeInvis .   b - +0 war axe
rCold   . . .      Faith    .   (no shield)
rNeg    . . .      Spirit   .   e - +0 robe {rF+}
rPois   .          Reflect  .   (no helmet)
rElec   .          Harm     .   (no cloak)
rCorr   .          Rampage  .   (no gloves)
Will    .....                   (no boots)
Stlth   +.........              (no amulet)
HPRegen 0.14/turn               (no ring)
MPRegen 0.09/turn               (no ring)

@: confused, ambrosia-drunk, very slow
A: no striking features
a: no special abilities


You were in a sewer.
You visited 1 branch of the dungeon, and saw 3 of its levels.
You also visited: Sewer.

You collected 107 gold pieces.
You spent 42 gold pieces at shops.

Inventory:

Hand Weapons
 a - a +0 hunting sling
 b - a +0 war axe (weapon)
 l - a +0 hand axe
Missiles
 k - 2 throwing nets (quivered)
Armour
 e - a +0 robe of fire resistance (worn)
 m - a +0 robe
Scrolls
 f - a scroll of enchant armour {unknown}
 g - 2 scrolls of teleportation {unknown}
 h - 2 scrolls of identify {unknown}
 i - a scroll of fear {unknown}
 j - a scroll of holy word {unknown}


   Skills:
 + Level 5.1 Fighting
 * Level 5.7 Axes
 * Level 0.9 Slings
 - Level 2.4 Dodging
 - Level 1.5 Stealth


You had 3 spell levels left.
You didn't know any spells.
Your spell library was empty.

Dungeon Overview and Level Annotations

Branches:
Dungeon (3/15)              Sewer (1/1)

Altars:

Shops:
D:3 (


Message History

It was a potion of heal wounds.
You feel much better. The bullfrog misses you. The bullfrog hits you.
The bullfrog misses you.
You hit the bullfrog.
The bullfrog is lightly wounded.
You hit the bullfrog. The bullfrog barely misses you. The bullfrog hits you.
The bullfrog hits you but does no damage.
The bullfrog barely misses you.
You slash the bullfrog!
The bullfrog is severely wounded.
You closely miss the bullfrog. The bullfrog hits you! x2
* * * LOW HITPOINT WARNING * * *
The bullfrog hits you but does no damage.
You feel much better. The bullfrog hits you! The bullfrog hits you. x2
Your unstable footing causes you to fumble your attack.
The bullfrog hits you!
The bullfrog hits you but does no damage.
The bullfrog hits you.
* * * LOW HITPOINT WARNING * * *
The bullfrog misses you.
You closely miss the bullfrog.
The bullfrog is heavily wounded.
You hit the bullfrog but do no damage.
The bullfrog hits you but does no damage.
The bullfrog barely misses you. The bullfrog closely misses you.
The bullfrog hits you but does no damage.
You miss the bullfrog.
The bullfrog is heavily wounded.
You slash the bullfrog! The bullfrog hits you.
* * * LOW HITPOINT WARNING * * *
The bullfrog barely misses you. The bullfrog hits you.
* * * LOW HITPOINT WARNING * * *
You are confused.
You feel invigorated. The bullfrog hits you.
* * * LOW HITPOINT WARNING * * *
The bullfrog hits you.
* * * LOW HITPOINT WARNING * * *
The bullfrog hits you but does no damage.
Your unstable footing causes you to fumble your attack.
The bullfrog closely misses you. The bullfrog hits you.
You die...

#######################
#....÷..≈≈..÷..≈≈.....##
#.≈≈≈≈≈≈≈≈≈≈≈≈≈≈≈≈≈≈≈..#
#.≈≈≈≈≈≈≈≈≈≈≈≈≈≈≈≈≈≈≈≈.#
#.≈≈≈≈≈≈≈≈≈≈≈≈≈≈≈≈≈≈≈≈.#
#≈.≈≈.≈≈≈≈≈≈≈≈≈≈..≈≈≈≈.#
#.########≈≈≈≈≈≈≈≈.≈≈≈.#
#.# ##≈≈≈≈≈≈≈≈≈.≈≈≈.#
#.# #≈≈≈≈@≈≈≈≈≈≈≈≈≈.#
#.# #≈≈≈FF≈≈≈≈≈≈≈≈≈.#
#≈# #≈≈≈≈≈≈≈≈≈≈≈≈≈≈≈.#
#≈# #≈≈∩.≈.≈≈≈≈≈≈≈≈≈.#
#≈# #≈≈≈....≈≈≈≈≈≈≈≈.#
#.# #≈≈≈≈≈.≈≈≈≈≈≈≈≈≈≈.#
#.# #≈≈≈≈≈≈.≈≈≈≈≈≈≈≈≈.#
### #.#
#≈≈≈≈≈?$≈≈≈≈≈≈≈≈≈.# #.#
#.# .=")≈≈≈≈≈≈≈≈.# #∩#


You could see 2 bullfrogs.

Vanquished Creatures
  An iguana (D:3)
  2 adders
  2 dart slugs (D:1)
  6 bats
  5 endoplasms
  12 giant cockroaches
  5 hobgoblins
  3 kobolds
  6 quokkas
  3 ball pythons
  10 frilled lizards
  A goblin (D:1)
  3 rats
59 creatures vanquished.

Notes
Turn   | Place    | Note
-------+----------+-------------------------------------------
     0 | D:1      | rabbitsville the Hill Orc Monk began the quest for the Orb.
     0 | D:1      | Reached XP level 1. HP: 19/19 MP: 1/1
   321 | D:1      | Reached XP level 2. HP: 22/27 MP: 2/2
   840 | D:1      | Reached XP level 3. HP: 34/34 MP: 3/3
  1018 | D:2      | Reached skill level 5 in Axes
  1077 | D:2      | Found a faded altar of an unknown god.
  1597 | D:3      | Reached XP level 4. HP: 12/41 MP: 4/4
  1636 | D:3      | Found a glowing drain.
  1646 | D:3      | Reached skill level 5 in Fighting
  1690 | D:3      | Found Laecimic's Weapon Shoppe.
  1700 | D:3      | Bought a +0 war axe for 42 gold pieces
  1722 | Sewer    | Entered a sewer
  2321 | Sewer    | Noticed a bullfrog
  2324 | Sewer    | Noticed a bullfrog
  2335 | Sewer    | HP: 2/42 [bullfrog (6)]
  2337 | Sewer    | Slain by a bullfrog

Illustrated notes

Levels and vault maps discovered:
D:1:      minmay_arrival_solitary_statue, layout_loops_cross,
          minmay_crystal_water, minmay_misc_feat_plants
D:2:      layout_basic, shapermc_ecumenical_altar_venn, interstate_on_off,
          nicolae_elevator_lobby_asterisk
D:3:      layout_rooms, nicolae_uskayaw_en_pointe, led_xom_imps,
          portal_sewer_entry_f, serial_shops, nicolae_lakefront_shop,
          nicolae_shop_advertising_works [nicolae_subvault_shop_adworks], shop,
          minivault_26, uniq_jessica
Sewer:    sewer_frog_island_01

Skill      XL: |  1  2  3  4 |
---------------+-------------+-----
Fighting       | 4 5 |  5.1
Axes           | 5 |  5.7
Slings         | |  0.9
Dodging        | |  2.4
Stealth        | |  1.5

Action                   |  1- 3 |  4- 6 || total
-------------------------+-------+-------++-------
Melee: Hand axe          |    99 |    12 ||   111
       Punch             |     2 |       ||     2
       War axe           |       |    33 ||    33
 Fire: Hunting sling     |       |    54 ||    54
  Use: Potion            |       |     3 ||     3
 Stab: Sleeping          |     5 |       ||     5
Armor: Robe              |    15 |    18 ||    33
Dodge: Dodged            |    59 |    32 ||    91

Table legend: (Time is in decaauts)
 A = Elapsed time spent in this place.
 B = Non-inter-level travel time spent in this place.
 C = Inter-level travel time spent in this place.
 D = Time resting spent in this place.
 E = Time spent auto-exploring this place.
 F = Levels seen in this place.
 G = Mean time per level.
                   A        B        C        D        E       F      G
               +--------+--------+--------+--------+--------+-----+--------+
         Total |   2477 |   2477 |      0 |    289 |    743 |   4 |  619.2 |
       Dungeon |   1743 |   1743 |      0 |     40 |    743 |   3 |  581.0 |
         Sewer |    734 |    734 |      0 |    249 |      0 |   1 |  734.0 |
               +--------+--------+--------+--------+--------+-----+--------+

Top non-repeatable levels by time:
     D:1: 879 daAuts
   Sewer: 734 daAuts
     D:2: 713 daAuts
     D:3: 150 daAuts
